 Dungeon Crawl Stone Soup version 0.28.0-43-g3370ac3207 (webtiles) character file.

Game seed: 4695178423219581925

23 Murumi the Skirmisher (level 2, 32/32 HPs)
             Began as an Ogre Gladiator on Mar 26, 2022.
             Was a Follower of Uskayaw.
             Quit the game on level 1 of the Dungeon.
             The game lasted 00:02:52 (702 turns).

Murumi the Skirmisher (Ogre Gladiator)               Turns: 702, Time: 00:02:52

Health: 32/32      AC:  3    Str: 17    XL:     2   Next: 95%
Magic:  2/2        EV: 10    Int:  9    God:    Uskayaw [*.....]
Gold:   30         SH:  0    Dex: 10    Spells: 1/1 levels left

rFire   . . .      SeeInvis +   a - +0 flail
rCold   . . .      Faith    .   (no shield)
rNeg    + . .      Spirit   .   b - +0 robe
rPois   .          Reflect  .   c - +0 hat
rElec   .          Harm     .   (no cloak)
rCorr   .          Rampage  .   (gloves unavailable)
Will    .....                   (boots unavailable)
Stlth   +.........              (no amulet)
HPRegen 0.10/turn               h - ring of see invisible
MPRegen 0.08/turn               j - ring of positive energy

@: no status effects
A: large, unfitting armour, tough skin 1
a: Renounce Religion, Stomp


You were on level 1 of the Dungeon.
You worshipped Uskayaw.
Uskayaw was noncommittal.
You visited 1 branch of the dungeon, and saw 1 of its levels.

You collected 30 gold pieces.

Inventory:

Hand Weapons
 a - a +0 flail (weapon)
Missiles
 d - 3 throwing nets
 k - 5 poisoned darts
 l - 39 stones (quivered)
Armour
 b - a +0 robe (worn)
 c - a +0 hat (worn)
Jewellery
 h - a ring of see invisible (left hand)
 j - a ring of positive energy (right hand)
Potions
 e - 2 potions of mutation {unknown}
 f - 2 potions of curing {unknown}
 g - a potion of invisibility {unknown}
 i - a potion of haste {unknown}


   Skills:
 + Level 3.7 Fighting
 - Level 3.0 Maces & Flails
 - Level 2.0 Throwing
 - Level 3.0 Dodging


You had one spell level left.
You didn't know any spells.
Your spell library was empty.

Dungeon Overview and Level Annotations

Branches:
Dungeon (1/15)

Altars:
Uskayaw


Innate Abilities, Weirdness & Mutations

You are too large for most types of armour.
You have tough skin. (AC +1)


Message History

You throw a stone. The stone closely misses the kobold.
You completely miss the kobold.
The kobold is moderately wounded.
The kobold hits you with a +0 club. The kobold misses you.
You hit the kobold.
You kill the kobold!
l - 31 stones (gained 1)
You see here a +0 club.
l - 32 stones (gained 1);
m - a scroll labelled ZUERESTR GIAPNE
As you read the scroll labelled ZUERESTR GIAPNE, it crumbles to dust.
It is a scroll of amnesia.
You feel forgetful for a moment.
l - 33 stones (gained 1)
l - 34 stones (gained 1)
l - 39 stones (gained 5)
A bat comes into view.
The bat barely misses you. The bat barely misses you.
The bat closely misses you.
You barely miss the bat. The bat barely misses you. The bat closely misses you.
The bat barely misses you. The bat hits you but does no damage.
You hit the bat.
The bat is moderately wounded.
The bat misses you. The bat barely misses you.
You hit the bat.
You kill the bat!
You open the huge gate.
Found a faded altar of an unknown god.
A dart slug comes into view.
There is a huge open gate here.
There is a huge open gate here.
There is a faded altar of an unknown god here.
You cannot tell which god this altar belongs to.
Convert to them anyway? [Y]es or [N]o only, please.
You cannot tell which god this altar belongs to.
Convert to them anyway?
Uskayaw accepts your prayer! Uskayaw welcomes you!
You can now stomp with the beat.
Are you sure you want to abandon this character and quit the game? (Confirm with "yes".)

........# #..####............#
#
#######.###...##......####...#
# #.##..#....###..#...#..####
#...^...#.#####.#..........
#########...###..#..#..####
###....###......##
####.'''''##########
.....'''''.....
####.''@''..### #.'''''..#
#.'''''#.# #......#...
######## #.# w#


There were no monsters in sight!

Vanquished Creatures
  A dart slug (D:1)
  2 ball pythons (D:1)
  An endoplasm (D:1)
  2 giant cockroaches (D:1)
  2 hobgoblins (D:1)
  3 kobolds (D:1)
  3 bats (D:1)
  2 frilled lizards (D:1)
  4 rats (D:1)
20 creatures vanquished.

Notes
Turn   | Place    | Note
-------+----------+-------------------------------------------
     0 | D:1      | Murumi the Ogre Gladiator began the quest for the Orb.
     0 | D:1      | Reached XP level 1. HP: 22/22 MP: 1/1
   217 | D:1      | Reached XP level 2. HP: 28/31 MP: 2/2
   697 | D:1      | Found a faded altar of an unknown god.
   701 | D:1      | Prayed at the altar of an unknown god.
   701 | D:1      | Became a worshipper of Uskayaw the Reveller
   701 | D:1      | Reached * piety under Uskayaw
   702 | D:1      | Quit the game

Illustrated notes

Levels and vault maps discovered:
D:1:      erik_arrival_blinker_ship, layout_loops_ring,
          hellmonk_ecumenical_altar_heavens_door, minmay_split_cup_large

Skill      XL: |  1  2 |
---------------+-------+-----
Fighting       | 3 |  3.7
Maces & Flails | 3 |  3.0
Dodging        | 3 |  3.0
Throwing       | |  2.0

Action                   || total
-------------------------++-------
Melee: Flail             ||    45
       Punch             ||     1
Throw: Stone             ||    23
  Use: Scroll            ||     1
 Stab: Sleeping          ||     1
Armor: Robe              ||    15
Dodge: Dodged            ||    31
